 Dungeon Crawl Stone Soup version 0.29-a0-72-g1732ff48e7 (webtiles) character file.

Game seed: 12328342454951402426

118071 siradein the Warrior (level 16, -5/149 HPs)
             Began as a Red Draconian Fighter on Feb 3, 2022.
             Was an Initiate of Gozag.
             Slain by a death yak (6 damage)
             ... led by Polyphemus
             ... while petrified by a catoblepas
             ... on level 2 of the Shoals on Feb 4, 2022.
             The game lasted 01:55:42 (36711 turns).

siradein the Warrior (Red Draconian Fighter)       Turns: 36711, Time: 01:55:42

Health: -5/149     AC: 18    Str: 20    XL:     16   Next: 24%
Magic:  22/22      EV:  2    Int: 11    God:    Gozag
Gold:   2202       SH:  0    Dex: 18    Spells: 12/23 levels left

rFire   + + +      SeeInvis .   T - +2 Maxwell's thermic engine {flame, freeze}
rCold   . . .      Faith    .   a - +2 tower shield "Tiupril" {rPois Will+ Dex+3}
rNeg    + + +      Spirit   .   (armour unavailable)
rPois   ∞          Reflect  +   (helmet restricted)
rElec   +          Harm     .   p - +2 cloak {rF+}
rCorr   .          Rampage  .   h - +2 pair of gloves
Will    ++...                   d - +2 pair of boots
Stlth   ++........              s - amulet of reflection
HPRegen 0.34/turn               D - ring "Aroler" {Fly rF+}
MPRegen 0.18/turn               R - ring "Yliosuseag" {Wiz rElec}

@: short of breath, petrified, engulfed, flying, mesmerised
A: breathe fire, AC +9, unfitting armour, fire resistance 1, cold-blooded
a: Breathe Fire, Renounce Religion, Potion Petition, Call Merchant, Bribe Branch


You were on level 2 of the Shoals.
You worshipped Gozag.
Gozag was most pleased with you.
You visited 5 branches of the dungeon, and saw 26 of its levels.
You also visited: Gauntlet and Volcano.

You collected 8834 gold pieces.
You spent 3630 gold pieces at shops.
You paid 3002 gold pieces to Gozag.

Inventory:

Hand Weapons
 L - the +6 rapier "Bettug" {flame, rF+ rC+ Str+4 Dex-3}
   (You found it on level 11 of the Dungeon)

   It burns those it strikes, dealing additional fire damage.
   Str:       It affects your strength (+4).
   Dex:       It affects your dexterity (-3).
   rF:        It protects you from fire.
   rC:        It protects you from cold.
 T - the +2 Maxwell's thermic engine (weapon) {flame, freeze}
   (You bought it in a shop on level 1 of the Lair of Beasts)

   It burns those it strikes, dealing additional fire damage.
   Big, fiery blades are also staple armaments of hydra-hunters.
   It freezes those it strikes, dealing additional cold damage.
   It can also slow down cold-blooded creatures.
   It becomes more effective when it hits something.
   This effect fades over time.
Missiles
 u - 4 throwing nets (quivered)
 G - 19 javelins
 U - 5 curare-tipped darts
Armour
 a - the +2 tower shield "Tiupril" (worn) {rPois Will+ Dex+3}
   (You acquired it on level 5 of the Lair of Beasts)

   Dex:       It affects your dexterity (+3).
   rPois:     It protects you from poison.
   Will:      It increases your willpower.
 d - a +2 pair of boots (worn)
 h - a +2 pair of gloves (worn)
 p - a +2 cloak of fire resistance (worn)
Jewellery
 s - an amulet of reflection (around neck)
 y - a ring of protection from cold
 D - the ring "Aroler" (left hand) {Fly rF+}
   (You found it in a Gauntlet)

   [ring of protection from fire]

   rF:        It protects you from fire.
   Fly:       It grants you flight.
 J - a ring of resist corrosion
 O - a ring of wizardry
 R - the ring "Yliosuseag" (right hand) {Wiz rElec}
   (You bought it in a shop on level 1 of the Shoals)

   [ring of wizardry]

   It improves your spell success rate.
   rElec:     It insulates you from electricity.
 V - a +4 ring of evasion
Wands
 c - a wand of polymorph (13)
 n - a wand of mindburst (6)
 o - a wand of flame (6)
 w - a wand of acid (19)
 z - a wand of iceblast (17)
 N - a wand of digging (8)
 Q - a wand of paralysis (1)
Scrolls
 f - 3 scrolls of immolation
 g - 6 scrolls of fear
 q - a scroll of brand weapon
 r - 7 scrolls of blinking
 t - 10 scrolls of teleportation
 B - 4 scrolls of enchant weapon
 C - a scroll of silence
 E - 2 scrolls of summoning
 F - 2 scrolls of identify
 H - 6 scrolls of fog
 I - 2 scrolls of enchant armour
 M - 9 scrolls of magic mapping
 S - 2 scrolls of torment {unknown}
 Z - a scroll of holy word
Potions
 b - a potion of lignification {unknown}
 e - 3 potions of resistance
 i - 6 potions of might
 j - 3 potions of berserk rage
 k - 6 potions of heal wounds
 l - 2 potions of haste {unknown}
 m - 2 potions of invisibility
 x - 11 potions of curing
 A - 4 potions of magic
 K - 5 potions of mutation
 P - a potion of ambrosia {unknown}
 W - 6 potions of brilliance
 X - 2 potions of cancellation {unknown}
Miscellaneous
 v - a phantom mirror
 Y - a condenser vane (inert)


   Skills:
 + Level 15.2 Fighting
 + Level 13.8 Long Blades
 + Level 12.9 Dodging
 + Level 14.0 Shields
 + Level 4.4 Spellcasting
 + Level 4.7 Conjurations
 + Level 5.8 Fire Magic
 + Level 9.6 Evocations


You had 12 spell levels left.
You knew the following spells:

 Your Spells              Type           Power      Damage    Failure   Level
a - Fireball              Conj/Fire      7%         3d5       71%         5
b - Starburst             Conj/Fire      7%         6d4       99%         6

Your spell library contained the following spells:

 Spells                   Type           Power      Damage    Failure   Level
 Inner Flame              Hex/Fire       8%         N/A       32%         3
 Ignite Poison            Fire/Tmut/Pois 6%         N/A       43%         3
 Corpse Rot               Necr/Air       4%         N/A       45%         2
 Poisonous Vapours        Pois/Air       4%         N/A       45%         2
 Sublimation of Blood     Necr           2%         N/A       45%         2
 Mephitic Cloud           Conj/Pois/Air  5%         N/A       47%         3
 Gell's Gravitas          Tloc           2%         N/A       69%         3
 Teleport Other           Tloc           2%         N/A       69%         3
 Tukima's Dance           Hex            2%         N/A       69%         3
 Iskenderun's Battlesphe  Conj           12%        2d7       78%         5
 Anguish                  Hex/Necr       1%         N/A       97%         4
 Cause Fear               Hex            1%         N/A       97%         4
 Petrify                  Tmut/Erth      2%         N/A       97%         4
 Irradiate                Conj/Tmut      3%         3d14      98%         5
 Freezing Cloud           Conj/Ice/Air   2%         6-21      99%         5
 Alistair's Intoxication  Tmut/Pois      1%         N/A       100%        5
 Blade Hands              Tmut           1%         N/A       100%        5
 Dispersal                Tloc           1%         N/A       100%        6
 Iron Shot                Conj/Erth      3%         9d2       100%        6
 Enfeeble                 Hex            1%         N/A       100%        7
 Spellforged Servitor     Conj/Summ      3%         N/A       100%        7
 Discord                  Hex            1%         N/A       100%        8
 Ignition                 Fire           7%         3d5       100%        8
 Animate Armour           Summ/Erth      Unusable   N/A       N/A         4

Dungeon Overview and Level Annotations

Branches:
Dungeon (15/15)            Temple (1/1) D:5            Lair (6/6) D:8
 Shoals (2/4) Lair:2       Spider (0/4) Lair:2        Slime (0/5) Lair:5
    Orc (2/2) D:12            Elf (0/3) Orc:2        Vaults (0/5) D:14
 Depths (0/4) D:15        Volcano (visited)         Gauntlet (visited)

Altars:
Ashenzari
Cheibriados
Dithmenos
Elyvilon
Fedhas
Gozag
Hepliaklqana
Kikubaaqudgha
Makhleb
Nemelex Xobeh
Okawaru
Qazlal
Ru
Sif Muna
Trog
Uskayaw
Vehumet
Wu Jian
Xom
Yredelemnul
Zin
The Shining One

Shops:
D:1 *   D:12 [   Orc:1 !   Orc:2 **?![   Lair:1 (   Lair:5 *   Shoals:1 =

Portals:
Hell: Lair:6

Annotations:
D:14 2 runed translucent doors, Ydeghy's ghost, journeyman OpWr
Shoals:2 Ilsuiw; Polyphemus


Innate Abilities, Weirdness & Mutations

You can breathe blasts of fire.
Your fiery red scales are hard. (AC +9)
You cannot fit into any form of body armour.
Your flesh is heat resistant. (rF+)
You are cold-blooded and may be slowed by cold attacks.


Message History

The merfolk siren chants its luring song.
The water elemental hits you!
The water elemental engulfs you in water!
The death yak gores you but does no damage. x2
The death yak gores you!
The merfolk siren chants its luring song.
The merfolk hits you from afar with a +0 trident!
* * * LOW HITPOINT WARNING * * *
The water elemental hits you.
* * * LOW HITPOINT WARNING * * *
The death yak gores you!
* * * LOW HITPOINT WARNING * * *
The death yak gores you but does no damage. x3
A dream sheep comes into view.
The dream sheep bleats!
The water nymph gestures at you while chanting.
The water rises up and strikes you!!
* * * LOW HITPOINT WARNING * * *
The merfolk hits you from afar with a +0 trident!
* * * LOW HITPOINT WARNING * * *
The water elemental hits you.
The catoblepas breathes a plume of calcifying dust at you.
The blast of calcifying dust hits the merfolk siren!
The blast of calcifying dust hits the water elemental.
The blast of calcifying dust hits you.
* * * LOW HITPOINT WARNING * * *
The merfolk siren chants its luring song.
The death yak gores you but does no damage. x2
The death yak gores you!!
* * * LOW HITPOINT WARNING * * *
You are engulfed in calcifying dust.
The water nymph touches you.
The merfolk hits you from afar with a +0 trident!
* * * LOW HITPOINT WARNING * * *
The water elemental is engulfed in calcifying dust.
The water elemental is moving more slowly.
The water elemental hits you.
The merfolk siren chants its luring song.
The death yak gores you!
You die...
Your body crumbles into a pile of gold.

≈≈≈≈....≈≈≈≈. .≈≈≈≈≈≈≈≈≈
≈≈≈.. #......##≈≈≈≈≈≈≈≈≈
≈≈≈.###......#.≈≈≈≈≈≈≈≈≈
≈≈≈...........≈≈≈≈≈≈≈.≈≈
≈≈≈≈....H.....≈≈..≈≈≈..≈
≈≈≈.....# ...≈≈≈.≈≈?.Y≈
≈>..#...## #≈m≈§≈≈≈...
)>.###.§.#####YE@Y≈C..#
...##.Ymm.H≈§m§CYY≈≈.##
≈≈≈...≈≈.m.≈mmm≈≈≈≈.E...
≈≈≈≈≈≈≈≈≈≈≈Y≈≈≈≈≈≈≈≈≈≈..
≈≈≈≈≈≈≈≈≈≈≈{≈≈≈≈≈≈≈≈≈≈≈≈
≈≈≈≈≈m..≈≈≈≈≈≈≈≈≈≈≈≈≈≈≈≈
≈≈≈≈≈.#.<≈...≈≈≈≈≈≈≈≈..)
≈≈≈≈≈≈..≈≈≈.≈≈≈≈≈≈≈≈≈≈.≈
≈≈≈≈≈≈$.≈≈≈≈≈


You could see Polyphemus, 4 death yaks, a catoblepas, 2 merfolk, a cyclops, 2
water elementals, 2 merfolk sirens, a water nymph and a dream sheep.

Vanquished Creatures
  Mlioglotl (Lair:2)
  Jorgrun (D:14)
  A kraken (Shoals:1)
  A frost giant (D:15)
  Aizul (Shoals:1)
  Nessos (Lair:5)
  A minotaur (Gauntlet)
  Josephine (D:15)
  A fire dragon (Volcano)
  An ice dragon (Lair:3)
  2 boulder beetles
  14 hydras
  The ghost of grumblor the Protected, a journeyman VSFi of Sif Muna (Orc:1)
  A catoblepas (Gauntlet)
  3 merfolk avatars (Shoals:1)
  6 centaur warriors
  4 two-headed ogres
  A death knight (D:13)
  2 tengu warriors (D:15)
  6 death yaks
  An orc high priest (Orc:2)
  Urug (D:12)
  Sonja (Lair:3)
  4 sun demons
  A fire crab (Lair:5)
  6 skeletal warriors
  The ghost of Cecur the Covert, a novice SpWr of Hepliaklqana (Lair:1)
  A deep elf pyromancer (D:14)
  Pikel (D:3)
  8 orc knights
  2 wizards
  A lindwurm (Lair:6)
  2 orc sorcerers (Orc:1)
  3 oklob plants
  2 manticores
  A faun (Shoals:1)
  11 elephants
  13 ugly things
  2 cyclopes
  A merfolk siren (Shoals:2)
  2 black mambas
  A guardian serpent (shapeshifter) (D:15)
  Joseph (D:8)
  3 torpor snails
  12 cane toads
  3 gargoyles
  2 orange demons (Lair:6)
  An unseen horror (D:11)
  A smoke demon (Volcano)
  A yaktaur (D:15)
  7 rime drakes
  Psyche (D:12)
  3 kobold demonologists (D:10)
  9 komodo dragons
  2 freezing wraiths (D:13)
  5 ice devils
  2 tengu conjurers (D:14)
  A hellwing (Lair:6)
  14 trolls
  A merfolk (Shoals:1)
  5 red devils
  A queen bee (shapeshifter) (D:13)
  12 polar bears
  23 blink frogs
  A hornet (D:10)
  A meliai zombie (D:11)
  5 dream sheep (Lair:6)
  5 slime creatures
  A jumping spider (Lair:2)
  4 shadows
  2 centaur simulacra (Gauntlet)
  2 wyverns
  2 vampires (D:14)
  A basilisk (shapeshifter) (D:15)
  5 water elementals
  7 wraiths
  54 yaks
  Eustachio (D:4)
  8 vampire mosquitoes (D:13)
  2 basilisks (Lair:1)
  A redback (Lair:2)
  5 steam dragons
  Menkaure (D:4)
  3 harpy simulacra
  An acid dragon (D:8)
  4 wargs (Orc:2)
  10 hell hounds
  13 water moccasins
  41 orc warriors
  2 black bears
  An ice beast (D:7)
  2 sky beasts (D:7)
  3 ogres
  8 wolves
  9 boggarts
  4 necrophages
  16 centaurs
  4 phantoms
  A spectral cyclops (Orc:1)
  2 kobold brigands
  12 bullfrogs
  A gnoll sergeant (D:8)
  A two-headed ogre simulacrum (Orc:1)
  A wyvern zombie (D:9)
  A cane toad simulacrum (Lair:3)
  3 scorpions
  A spectral warg (Orc:1)
  3 orc simulacra (Orc:1)
  9 wights
  5 electric eels
  5 centaur zombies
  6 howler monkeys
  A bullfrog zombie (D:5)
  3 jellies
  10 orc priests
  A centaur skeleton (D:7)
  7 hounds
  2 bullfrog skeletons
  9 orc wizards
  A spectral orc (Orc:1)
  3 iguanas
  Natasha (thrice) (D:2)
  2 troll simulacra (Lair:3)
  A killer bee zombie (D:9)
  A wolf simulacrum (Lair:3)
  A hound zombie (D:5)
  A hound skeleton (D:5)
  3 mummies (D:9)
  A howler monkey zombie (D:8)
  9 gnolls
  A howler monkey skeleton (D:4)
  7 adders
  A white imp (D:5)
  3 ufetubi
  4 worms
  3 dart slugs
  67 orcs
  7 ball pythons
  2 bats (D:3)
  2 endoplasms (D:1)
  2 giant cockroaches (D:4)
  10 goblins
  4 hobgoblins
  10 jackals
  5 quokkas
  6 frilled lizards
  11 kobolds
  6 rats
  4 tentacles (Shoals:1)
720 creatures vanquished.

Vanquished Creatures (collateral kills)
  Snorg (D:11)
  A troll (D:11)
2 creatures vanquished.

Vanquished Creatures (others)
  A kobold (D:10)
  2 demonic plants (Gauntlet)
  6 foxfires (Shoals:1)
  33 fungi
  44 plants
  2 starspawn tentacles (Shoals:1)
  10 tentacles (Shoals:1)
  6 withered plants (D:9)
104 creatures vanquished.

Grand Total: 826 creatures vanquished

Notes
Turn   | Place    | Note
-------+----------+-------------------------------------------
     0 | D:1      | siradein the Draconian Fighter began the quest for the Orb.
     0 | D:1      | Reached XP level 1. HP: 19/19 MP: 1/1
   400 | D:1      | Reached XP level 2. HP: 23/26 MP: 2/2
   767 | D:1      | Found Sekirrel's Assorted Antiques.
  1109 | D:2      | Reached XP level 3. HP: 27/33 MP: 3/3
  1264 | D:2      | Noticed Natasha
  1273 | D:2      | Killed Natasha
  1288 | D:2      | Noticed Natasha
  1301 | D:2      | Killed Natasha
  1302 | D:2      | Reached skill level 4 in Fighting
  1302 | D:2      | Reached XP level 4. HP: 17/40 MP: 4/4
  1311 | D:2      | Noticed Natasha
  1322 | D:2      | Killed Natasha
  2084 | D:3      | Reached XP level 5. HP: 40/46 MP: 5/5
  2417 | D:3      | Found a faded altar of an unknown god.
  3231 | D:4      | Reached XP level 6. HP: 49/53 MP: 6/6
  3265 | D:4      | Found a shimmering altar of Xom.
  3803 | D:3      | Reached skill level 5 in Fighting
  4167 | D:3      | Your scales start taking on a fiery red colour.
  4167 | D:3      | Reached XP level 7. HP: 44/61 MP: 7/7
  4167 | D:3      | Gained mutation: Your flesh is heat resistant. (rF+) [Red
                  | Draconian growth]
  4500 | D:4      | Noticed Pikel
  4637 | D:3      | Killed Pikel
  4638 | D:3      | Reached skill level 6 in Fighting
  4638 | D:3      | Reached skill level 5 in Long Blades
  4638 | D:3      | Reached skill level 5 in Dodging
  4638 | D:3      | Reached skill level 5 in Shields
  4638 | D:3      | Reached XP level 8. HP: 22/70 MP: 8/8
  4904 | D:4      | Noticed Eustachio
  5059 | D:4      | Killed Eustachio
  5127 | D:4      | Noticed Menkaure
  5129 | D:4      | Killed Menkaure
  5528 | D:5      | Entered Level 5 of the Dungeon
  5724 | D:5      | Reached skill level 7 in Fighting
  5819 | D:5      | Found a staircase to the Ecumenical Temple.
  5854 | Temple   | Entered the Ecumenical Temple
  6301 | Temple   | Became a worshipper of Gozag Ym Sagoz the Greedy
  6456 | D:5      | Reached XP level 9. HP: 79/79 MP: 9/9
  7105 | D:6      | HP: 2/79 [poisoned by a water moccasin]
  8158 | D:7      | Reached skill level 8 in Fighting
  9125 | D:8      | Noticed Joseph
  9142 | D:8      | Killed Joseph
  9211 | D:8      | Reached XP level 10. HP: 90/90 MP: 10/10
  9226 | D:8      | Found a staircase to the Lair.
  9658 | D:8      | Noticed a centaur warrior
  9677 | D:8      | Killed a centaur warrior
  9678 | D:8      | Reached skill level 9 in Fighting
 10291 | D:9      | You fall into a shaft and drop 1 floor!
 10291 | D:10     | Entered Level 10 of the Dungeon
 10475 | D:10     | Noticed a sun demon
 10546 | D:10     | Noticed a rust devil
 11007 | D:10     | Reached XP level 11. HP: 69/99 MP: 11/11
 11011 | D:10     | Reached skill level 10 in Fighting
 11571 | D:9      | Found a basalt altar of Yredelemnul.
 11579 | D:9      | Found a burning altar of Makhleb.
 11580 | D:9      | Found a shimmering altar of Xom.
 11584 | D:9      | Found a white marble altar of Elyvilon.
 11986 | D:11     | Identified the +6 rapier "Bettug" {flame, rF+ rC+ Str+4
                  | Dex-3}
 12502 | D:11     | Noticed Snorg
 12561 | D:11     | Killed Snorg
 12980 | D:11     | Noticed a two-headed ogre
 13000 | D:11     | Killed a two-headed ogre
 13327 | Lair:1   | Entered Level 1 of the Lair of Beasts
 13373 | Lair:1   | Noticed a four-headed hydra
 13399 | Lair:1   | Killed a four-headed hydra
 13400 | Lair:1   | Reached skill level 10 in Shields
 13517 | Lair:1   | Reached skill level 11 in Fighting
 14049 | Lair:1   | Found a transporter.
 14093 | Lair:1   | Reached skill level 10 in Long Blades
 14301 | Lair:1   | Bought the +2 Maxwell's thermic engine {flame, freeze} for
                  | 616 gold pieces
 14301 | Lair:1   | Found the +2 Maxwell's thermic engine {flame, freeze}
 14312 | Lair:1   | Noticed Cecur's ghost (novice SpWr)
 14320 | Lair:1   | Found a transporter.
 14335 | Lair:1   | Noticed a six-headed hydra
 14341 | Lair:1   | Killed a three-headed hydra
 14609 | Lair:1   | Reached XP level 12. HP: 110/110 MP: 12/12
 15203 | Lair:2   | Found a staircase to the Shoals.
 15222 | Lair:2   | Reached skill level 1 in Evocations
 15282 | Lair:2   | Found a hole to the Spider Nest.
 15567 | Lair:2   | Noticed a four-headed hydra
 15590 | Lair:2   | Killed a one-headed hydra
 15757 | Lair:2   | Reached skill level 10 in Dodging
 15849 | Lair:2   | Noticed a four-headed hydra
 15857 | Lair:2   | Killed a one-headed hydra
 16277 | Lair:3   | Noticed Sonja
 16294 | Lair:3   | Killed Sonja
 16439 | Lair:3   | Reached skill level 12 in Fighting
 16701 | Lair:3   | Noticed a four-headed hydra
 16707 | Lair:3   | Killed a two-headed hydra
 16854 | Lair:3   | You fall into a shaft and drop 2 floors!
 17078 | Lair:5   | Noticed Nessos
 17089 | Lair:5   | Killed Nessos
 17349 | Lair:5   | Found a staircase to the Slime Pits.
 17442 | Lair:5   | Noticed a seven-headed hydra
 17463 | Lair:5   | Killed a five-headed hydra
 17674 | Lair:5   | Reached XP level 13. HP: 67/119 MP: 13/13
 17912 | Lair:4   | Identified the +1 shortbow of Ash {speed, rF+ rC+ Str+4}
 18690 | Lair:3   | Reached skill level 5 in Evocations
 20065 | Lair:5   | Reached skill level 13 in Fighting
 20507 | Lair:6   | Entered Level 6 of the Lair of Beasts
 20724 | Lair:5   | Bought a scroll of identify for 66 gold pieces
 20724 | Lair:5   | Identified a scroll of acquirement
 20726 | Lair:5   | Acquired the +2 tower shield "Tiupril" {rPois Will+ Dex+3}
 21912 | Lair:6   | Reached XP level 14. HP: 115/129 MP: 14/14
 22999 | Lair:6   | Reached skill level 14 in Fighting
 23047 | Lair:6   | Found a burning altar of Makhleb.
 23273 | Lair:6   | Found a gateway to Hell.
 23768 | Lair:6   | Found a burning altar of Makhleb.
 23774 | Lair:6   | Found a gateway to Hell.
 24249 | D:12     | Noticed Psyche
 24291 | D:12     | Killed Psyche
 24407 | D:12     | Found Omnenug's Armour Boutique.
 24409 | D:12     | Found a staircase to the Orcish Mines.
 24437 | D:12     | Found a gate leading to a gauntlet.
 24464 | Gauntlet | Entered a Gauntlet
 24464 | Gauntlet | Found a transporter.
 24464 | Gauntlet | Found a runed translucent door.
 24464 | Gauntlet | Found a runed translucent door.
 24472 | Gauntlet | Found a transporter.
 24474 | Gauntlet | Found a transporter.
 24485 | Gauntlet | Found a transporter.
 24488 | Gauntlet | Found a transporter.
 24496 | Gauntlet | Found a transporter.
 24498 | Gauntlet | Noticed a broodmother
 24498 | Gauntlet | an ettin changed into a broodmother
 24500 | Gauntlet | a broodmother changed into a five-headed hydra
 24501 | Gauntlet | Noticed an emperor scorpion
 24501 | Gauntlet | a five-headed hydra changed into an emperor scorpion
 24517 | Gauntlet | Found a transporter.
 24517 | Gauntlet | an emperor scorpion changed into something unseen
 24528 | Gauntlet | Found a transporter.
 24540 | Gauntlet | Found a transporter.
 24559 | Gauntlet | Found a transporter.
 24573 | Gauntlet | Found a transporter.
 24573 | Gauntlet | Found a transporter.
 24621 | Gauntlet | Found a transporter.
 24635 | Gauntlet | Found a transporter.
 24877 | Gauntlet | Identified the ring "Aroler" {Fly rF+}
 25088 | Gauntlet | Got Sif Muna's Compendium of Shape Shifting
 25133 | Gauntlet | Learned a level 5 spell: Fireball
 25140 | Gauntlet | Learned a level 6 spell: Starburst
 25305 | D:12     | Noticed Urug
 25344 | D:12     | Killed Urug
 25361 | D:12     | Found a bloodstained altar of Trog.
 25459 | D:12     | Reached skill level 1 in Fire Magic
 25689 | Orc:1    | Entered Level 1 of the Orcish Mines
 25750 | Orc:1    | Reached skill level 1 in Conjurations
 25774 | Orc:1    | Reached skill level 1 in Spellcasting
 25783 | Orc:1    | Found a dark tunnel.
 25793 | Volcano  | Entered a volcano
 25892 | Volcano  | Reached XP level 15. HP: 128/139 MP: 16/16
 26549 | Orc:1    | Found a runed translucent gate.
 26549 | Orc:1    | Found a runed translucent gate.
 26549 | Orc:1    | Found a runed translucent gate.
 26554 | Orc:1    | Noticed grumblor's ghost (journeyman VSFi)
 27001 | Lair:1   | Killed Cecur's ghost
 27027 | Lair:1   | Identified the +3 morningstar "Deutwu" {spect, Int+5}
 27257 | Orc:1    | Killed grumblor's ghost
 27336 | Orc:1    | Identified the +1 flail "Fadghim" {venom, Drain rElec rN+
                  | Int+7}
 27347 | Orc:1    | Bought a potion of heal wounds for 85 gold pieces
 27347 | Orc:1    | Bought a potion of curing for 51 gold pieces
 27347 | Orc:1    | Bought a potion of brilliance for 68 gold pieces
 27347 | Orc:1    | Bought 2 potions of heal wounds for 170 gold pieces
 27347 | Orc:1    | Bought 2 potions of curing for 102 gold pieces
 27347 | Orc:1    | Bought a potion of brilliance for 68 gold pieces
 27359 | Orc:2    | Entered Level 2 of the Orcish Mines
 27359 | Orc:2    | Found a staircase to the Elven Halls.
 27482 | Orc:2    | Found Xootue's Armour Shoppe.
 27881 | Orc:2    | Found Xuxuxkauloff's Magic Scroll Shop.
 27881 | Orc:2    | Found Ribeh's Assorted Antiques.
 27887 | Orc:2    | Found Vookho's Assorted Antiques.
 27889 | Orc:2    | Found Gatt's Distillery.
 27969 | Orc:2    | Bought a scroll of blinking for 82 gold pieces
 27969 | Orc:2    | Bought a scroll of blinking for 82 gold pieces
 27969 | Orc:2    | Bought a scroll of fog for 22 gold pieces
 27969 | Orc:2    | Bought a scroll of identify for 22 gold pieces
 27969 | Orc:2    | Bought a scroll of noise for 11 gold pieces
 27969 | Orc:2    | Bought a scroll of identify for 22 gold pieces
 27973 | Orc:2    | Bought a wand of iceblast (5) for 136 gold pieces
 27973 | Orc:2    | Bought a scroll of fear for 119 gold pieces
 27973 | Orc:2    | Bought a scroll of magic mapping for 119 gold pieces
 27975 | Orc:2    | Bought a scroll of enchant armour for 240 gold pieces
 27975 | Orc:2    | Bought a scroll of summoning for 304 gold pieces
 27975 | Orc:2    | Bought a scroll of identify for 64 gold pieces
 27975 | Orc:2    | Bought a potion of brilliance for 128 gold pieces
 27982 | Orc:2    | Bought a potion of heal wounds for 65 gold pieces
 27982 | Orc:2    | Bought a potion of resistance for 130 gold pieces
 27982 | Orc:2    | Bought a potion of curing for 39 gold pieces
 27982 | Orc:2    | Bought a potion of might for 52 gold pieces
 27982 | Orc:2    | Bought a potion of curing for 39 gold pieces
 27982 | Orc:2    | Bought a potion of brilliance for 52 gold pieces
 27982 | Orc:2    | Bought a potion of invisibility for 104 gold pieces
 31490 | D:14     | Noticed Jorgrun
 31499 | D:14     | Killed Jorgrun
 31676 | D:14     | Found a runed translucent door.
 31677 | D:14     | Noticed Ydeghy's ghost (journeyman OpWr)
 31684 | D:14     | Found a runed translucent door.
 31684 | D:14     | Noticed a tengu reaver
 32063 | D:14     | Noticed a lich
 32145 | D:14     | Found a gate to the Vaults.
 32587 | D:14     | Reached skill level 15 in Fighting
 32908 | D:15     | Entered Level 15 of the Dungeon
 32948 | D:15     | Reached skill level 5 in Fire Magic
 33290 | D:15     | Reached XP level 16. HP: 149/149 MP: 21/21
 33323 | D:15     | Noticed Josephine
 33335 | D:15     | Killed Josephine
 33695 | D:15     | Found a basalt altar of Yredelemnul.
 33862 | D:15     | Found a staircase to the Depths.
 34496 | Shoals:1 | Entered Level 1 of the Shoals
 34529 | Shoals:1 | Noticed a kraken
 34556 | Shoals:1 | Killed a kraken
 34844 | Shoals:1 | Noticed Aizul
 34859 | Shoals:1 | Killed Aizul
 34979 | Shoals:1 | Bought the ring "Yliosuseag" {Wiz rElec} for 572 gold
                  | pieces
 35281 | Shoals:1 | Noticed Mlioglotl
 35303 | Shoals:1 | Noticed a tentacled starspawn
 35308 | Shoals:1 | Noticed a tentacled starspawn
 35310 | Shoals:1 | Noticed a tentacled starspawn
 35310 | Shoals:1 | HP: 3/149 [Mlioglotl (19)]
 36307 | Shoals:1 | Found Bearphise's Jewellery Boutique.
 36515 | Lair:2   | Killed Mlioglotl
 36697 | Shoals:2 | Noticed Ilsuiw
 36703 | Shoals:2 | Noticed Polyphemus
 36710 | Shoals:2 | HP: 6/149 [death yak[Polyphemus] (9)]
 36711 | Shoals:2 | HP: 1/149 [merfolk (5)]
 36711 | Shoals:2 | Slain by a death yak

Illustrated notes

Levels and vault maps discovered:
D:1:      scummos_arrival_star, layout_basic, serial_shops, shop
D:2:      layout_rooms, glass_columns_c, minmay_cut_off, uniq_natasha
D:3:      layout_basic, shapermc_ecumenical_altar_acropolis
D:4:      layout_cave_pods, minmay_ruined_shrine, uniq_pikel, uniq_menkaure,
          uniq_eustachio
D:5:      layout_rooms, minmay_temple_entry_ruins
D:6:      layout_basic
D:7:      layout_basic
D:8:      layout_rooms, lair_entry_dummy, serial_corexii_hall,
          corexii_hall_statues_l, chequers_hall_statues_corner_a,
          chequers_serial_rivers_small_3, st_stairs_7, uniq_joseph
D:9:      layout_rooms, minitemple, serial_undead, serial_undead_f,
          serial_undead_e, serial_undead_f, serial_undead_e, enter_bailey_3,
          minmay_misc_feat_chi, wad_floor_pattern_untrapped, minmay_liquid_box
D:10:     layout_roguey, corexii_hall_statues_u
D:11:     layout_cave_pools, minivault_16, uniq_snorg
D:12:     layout_big_octagon, orc_david_3, gauntlet_entry_generic, bloody_trog,
          uniq_urug, uniq_psyche
D:13:     layout_roguey [special_room_orc]
D:14:     layout_basic, david_vaults_1, patterned_corridor,
          muffindrake_ghost_dual_entry, uniq_jorgrun
D:15:     grunt_enter_depths_snipers, layout_loops_ring,
          yredelemnul_altar_generic, einodemon_armed_red_devil_minivault,
          uniq_josephine
Temple:   dpeg_five_rooms_temple
Lair:1:   layout_regular_city, gammafunk_ghost_arena, serial_bayou_shore_a,
          lemuel_fruit_fields, serial_bayou_shore_b, serial_bayou_shore_b
Lair:2:   layout_concentric_octagons, elwin_shoals_entry_rocks,
          spider_nest_entry_a, infiniplex_staircase_pool
Lair:3:   dreamdust_isle_of_ice, layout_regular_city, uniq_sonja
Lair:4:   layout_cave_pods
Lair:5:   layout_hall_layers, minmay_slime_entry_oklob_open,
          serial_bayou_shore_b, uniq_nessos
Lair:6:   evil_forest, layout_long_grid, cheibrodos_lair_lostbears
Shoals:1: layout_shoals, nicolae_shoals_kraken_intersection, uniq_aizul,
          uniq_mlioglotl
Shoals:2: cheibrodos_shoals_three_sisters, layout_shoals,
          nicolae_shoals_hunting_party, uniq_ilsuiw, uniq_polyphemus
Orc:1:    layout_diamond_mine, gammafunk_ghost_necromancy,
          lightli_volcano_entry_magma_tube
Orc:2:    st_orc_rangers, layout_caves, serial_shops, nicolae_diamond_shop

Skill      XL: |  1  2  3  4  5  6  7  8  9 10 11 12 13 14 15 16 |
---------------+-------------------------------------------------+-----
Dodging        | 3 4 5 6 7 8 9 10 11 12 | 12.9
Fighting       | 4 5 6 7 8 9 11 12 13 14 15 | 15.2
Long Blades    | 3 4 5 6 7 8 10 11 12 13 | 13.8
Shields        | 4 5 6 7 9 10 11 12 13 14 | 14.0
Evocations     | 4 6 8 9 |  9.6
Fire Magic     | 1 5 |  5.8
Conjurations   | 1 4 |  4.7
Spellcasting   | 1 3 4 |  4.4

Action                   |  1- 3 |  4- 6 |  7- 9 | 10-12 | 13-15 | 16-18 || total
-------------------------+-------+-------+-------+-------+-------+-------++-------
Melee: Long sword        |    28 |       |       |       |       |       ||    28
       Tailslap          |     5 |    20 |    20 |    93 |   225 |    30 ||   393
       Spear             |    28 |   188 |    18 |       |       |       ||   234
       Scimitar          |       |       |   192 |   192 |       |       ||   384
       Rapier            |       |       |       |   109 |       |       ||   109
       Double sword      |       |       |       |   196 |  1243 |   155 ||  1594
Throw: Javelin           |       |       |     3 |       |       |       ||     3
       Dart              |       |       |     4 |     2 |       |       ||     6
Invok: Call Merchant     |       |       |       |     1 |     2 |     1 ||     4
 Abil: Breathe Fire      |       |       |    44 |    62 |    47 |     6 ||   159
Evoke: Wand              |       |       |       |     1 |       |       ||     1
       Condenser vane    |       |       |       |       |       |     1 ||     1
  Use: Scroll            |       |       |     9 |     9 |    11 |     2 ||    31
       Potion            |       |       |     2 |     1 |     1 |     1 ||     5
 Stab: Sleeping          |       |     1 |     1 |     2 |       |       ||     4
       Distracted        |       |       |       |     1 |    10 |       ||    11
       Paralysed         |       |       |       |     2 |       |       ||     2
Armor: Skin              |     6 |    41 |    49 |   138 |   284 |    53 ||   571
Dodge: Dodged            |    24 |    90 |   139 |   279 |   611 |    77 ||  1220
Block: Buckler           |    11 |    81 |   144 |   293 |    91 |       ||   620
       Reflection        |       |       |     8 |    21 |    91 |     8 ||   128
       Tower shield      |       |       |       |       |  1598 |   221 ||  1819

Table legend: (Time is in decaauts)
 A = Elapsed time spent in this place.
 B = Non-inter-level travel time spent in this place.
 C = Inter-level travel time spent in this place.
 D = Time resting spent in this place.
 E = Time spent auto-exploring this place.
 F = Levels seen in this place.
 G = Mean time per level.
                   A        B        C        D        E       F      G
               +--------+--------+--------+--------+--------+-----+--------+
         Total |  37008 |  35616 |   1392 |   5723 |  22049 |  28 | 1321.7 |
       Dungeon |  19189 |  18281 |    908 |   2749 |  11670 |  15 | 1279.3 |
        Temple |    499 |    447 |     52 |      0 |    247 |   1 |  499.0 |
          Lair |  11367 |  11031 |    336 |   1993 |   6729 |   6 | 1894.5 |
        Shoals |   1913 |   1897 |     16 |    369 |   1269 |   2 |  956.5 |
  Orcish Mines |   2718 |   2640 |     78 |    493 |   1428 |   2 | 1359.0 |
       Volcano |    628 |    628 |      0 |      0 |    415 |   1 |  628.0 |
      Gauntlet |    690 |    690 |      0 |    119 |    291 |   1 |  690.0 |
               +--------+--------+--------+--------+--------+-----+--------+

Top non-repeatable levels by time:
  Lair:5: 2667 daAuts
  Lair:6: 2270 daAuts
     D:3: 2044 daAuts
   Orc:2: 2009 daAuts
    D:13: 2002 daAuts
Shoals:1: 1875 daAuts
  Lair:3: 1863 daAuts
  Lair:1: 1861 daAuts
  Lair:2: 1592 daAuts
    D:14: 1476 daAuts
    D:15: 1449 daAuts
    D:10: 1409 daAuts
     D:6: 1363 daAuts
     D:4: 1335 daAuts
    D:11: 1254 daAuts
